 Dungeon Crawl Stone Soup version 0.30-a0-772-g5528072125 (webtiles) character file.

Game seed: 2423868661401659473

397 Crownlay the Digger (level 6, -2/35 HPs)
             Began as a Gargoyle Earth Elementalist on Feb 12, 2023.
             Was an Initiate of Vehumet.
             Shot with an arrow by a centaur (7 damage)
             ... on level 4 of the Dungeon.
             The game lasted 00:05:29 (3966 turns).

Crownlay the Digger (Gargoyle Earth Elementalist)   Turns: 3966, Time: 00:05:30

Health: -2/35      AC:  8    Str: 11    XL:     6   Next: 83%
Magic:  8/12       EV: 12    Int: 18    God:    Vehumet [......]
Gold:   158        SH:  0    Dex: 16    Spells: 9/13 levels left

rFire   . . .      SeeInvis .    m - +2 short sword (protect)
rCold   . . .      Faith    .    (no shield)
rNeg    + . .      Spirit   .    a - +0 robe
rPois   ∞          Reflect  .    j - +0 helmet
rElec   +          Harm     .    g - scarf {+Inv}
rCorr   .          Rampage  .    h - +0 pair of gloves
Will    .....                    (no boots)
Stlth   ++                       (no amulet)
HPRegen 0.25/turn                p - +6 ring of dexterity
MPRegen 0.13/turn                (no ring)

@: no status effects
A: sickness immunity, AC +4, negative energy resistance 1, electricity
resistance, torment resistance 1, petrification resistance
a: Renounce Religion, Evoke Invisibility


You were on level 4 of the Dungeon.
You worshipped Vehumet.
Vehumet was noncommittal.
You visited 2 branches of the dungeon, and saw 5 of its levels.

You collected 158 gold pieces.

Inventory:

Hand Weapons
 m - a +2 short sword of protection (weapon)
Armour
 a - a +0 robe (worn)
 g - a scarf of invisibility (worn)
 h - a +0 pair of gloves (worn)
 j - a +0 helmet (worn)
Jewellery
 p - a +6 ring of dexterity (left hand)
 q - a +4 ring of slaying
Wands
 r - a wand of digging (7)
Scrolls
 c - 4 scrolls of identify {unknown}
 d - 3 scrolls of teleportation {unknown}
 e - a scroll of magic mapping {unknown}
 f - a scroll of poison {unknown}
 k - 2 scrolls of enchant armour {unknown}
 s - a scroll of fog {unknown}
 t - a scroll of enchant weapon {unknown}
 u - a scroll of brand weapon {unknown}
Potions
 b - a potion of magic
 i - a potion of lignification {unknown}
 l - 3 potions of curing {unknown}
 n - a potion of haste {unknown}
 o - a potion of brilliance {unknown}
 v - a potion of cancellation {unknown}


   Skills:
 - Level 2.0 Fighting
 - Level 1.5 Dodging
 - Level 2.1 Stealth
 * Level 4.4 Spellcasting
 + Level 1.8 Conjurations
 + Level 1.4 Hexes
 + Level 1.4 Necromancy
 - Level 0.7 Transmutations
 + Level 5.1 Earth Magic


You had 9 spell levels left.
You knew the following spells:

 Your Spells              Type           Power      Damage    Failure   Level
a - Sandblast             Erth           44%        2d11      1%          1
b - Stone Arrow           Conj/Erth      32%        3d9       10%         3

Your spell library contained the following spells:

 Spells                   Type           Power      Damage    Failure   Level
 Passwall                 Tmut/Erth      11%        N/A       6%          2
 Necrotise                Necr           36%        1d5       8%          1
 Foxfire                  Conj/Fire      28%        2x1d5     10%         1
 Apportation              Tloc           6%         N/A       14%         1
 Summon Small Mammal      Summ           12%        N/A       14%         1
 Momentum Strike          Conj/Tloc      14%        3d8       14%         2
 Blink                    Tloc           6%         N/A       22%         2
 Lesser Beckoning         Tloc           6%         N/A       22%         2
 Inner Flame              Hex/Fire       6%         N/A       32%         3
 Petrify                  Tmut/Erth      14%        N/A       38%         4
 Cause Fear               Hex            4%         N/A       61%         4
 Fireball                 Conj/Fire      3%         3d4       95%         5
 Starburst                Conj/Fire      3%         6d3       100%        6
 Discord                  Hex            4%         N/A       100%        8


Dungeon Overview and Level Annotations

Branches:
Dungeon (4/15)             Temple (1/1) D:4

Altars:
Ashenzari
Cheibriados
Dithmenos
Fedhas
Gozag
Kikubaaqudgha
Makhleb
Okawaru
Ru
Trog
Uskayaw
Vehumet
Wu Jian
Xom
Yredelemnul
The Shining One

Annotations:
D:3 2 transporters, MCDelver's ghost, weakling OpFE


Innate Abilities, Weirdness & Mutations

You are immune to sickness and miasma.
Your stone body is resilient. (AC +4)
You are immune to poison.
You resist negative energy. (rN+)
You are resistant to electric shocks. (rElec)
You are resistant to unholy torment.
You are immune to petrification.


Message History

You kill the ufetubus!
Vehumet accepts your kill.
No target in view!
You can't see any susceptible monsters within range! (Use Z to cast anyway.)
You can't see any susceptible monsters within range! (Use Z to cast anyway.)
v - a green potion
Things that are here:
a +0 dagger; a goblin corpse A centaur comes into view.
A centaur is nearby!
The centaur wields a +0 shortbow.
The centaur shoots an arrow.
The arrow closely misses you.
The blast of sand hits the centaur.
The centaur is moderately wounded.
The centaur shoots an arrow.
The arrow hits you!
The centaur shoots an arrow.
The arrow hits you!
The centaur shoots an arrow.
The arrow misses you.
The blast of sand hits the centaur but does no damage.
The centaur is moderately wounded.
The centaur shoots an arrow.
The arrow hits you.
The centaur shoots an arrow.
The arrow barely misses you.
The blast of sand hits the centaur but does no damage.
The centaur is lightly wounded.
The centaur shoots an arrow.
The arrow misses you.
The centaur shoots an arrow.
The arrow hits you!
You are too injured to fight recklessly!
You are too injured to fight recklessly!
Okay, then.
Unknown command.
Unknown command.
Casting: Sandblast (safe; 1% risk of failure)
Confirm with . or Enter, or press ? or * to list all spells.
Aiming: Sandblast (safe; 1% risk of failure)
Press: ? - help, Shift-Dir - straight line, f/p - centaur
Aim: a centaur, wielding a +0 shortbow (lightly wounded, 90% to hit)
The blast of sand hits the centaur!
The centaur is severely wounded.
The centaur shoots an arrow.
The arrow hits you!
* * * LOW HITPOINT WARNING * * *
The centaur shoots an arrow.
The arrow hits you!
You die...

.# .# ##.[.§§≈≈ .#
...#.≈... ##
##.##...# .....≈.#
#.##.§.# .# §§
#....≈.# .#§≈§
######..#.≈.###.#.≈.
#.c..$@...≈.......≈.
#.####.##)≈≈≈≈§≈≈≈≈.
#.##............
#.#####..###.... ..#
##.....#
########..#####
.........##
########.# #.# #.#


You could see a centaur.

Vanquished Creatures
  A black bear (D:4)
  A jelly (D:4)
  A hound (D:3)
  Crazy Yiuf (D:2)
  2 iguanas (D:4)
  Robin (D:2)
  3 adders
  An ufetubus (D:4)
  3 worms (D:3)
  4 dart slugs
  3 orcs
  6 ball pythons
  6 bats
  6 endoplasms
  5 giant cockroaches
  12 goblins
  16 hobgoblins
  8 jackals (D:1)
  6 kobolds
  A quokka (D:1)
  3 frilled lizards
  8 rats
98 creatures vanquished.

Notes
Turn   | Place    | Note
-------+----------+-------------------------------------------
     0 | D:1      | Crownlay the Gargoyle Earth Elementalist began the quest
                  | for the Orb.
     0 | D:1      | Reached XP level 1. HP: 10/10 MP: 3/3
    71 | D:1      | Reached XP level 2. HP: 15/15 MP: 0/5
   261 | D:1      | Reached skill level 4 in Earth Magic
   424 | D:1      | Reached XP level 3. HP: 19/19 MP: 4/7
  1061 | D:2      | Noticed Robin
  1216 | D:2      | Killed Robin
  1217 | D:2      | Reached XP level 4. HP: 15/24 MP: 3/9
  1338 | D:2      | Learned a level 3 spell: Stone Arrow
  1498 | D:2      | Found a runed translucent door.
  1499 | D:2      | Noticed Crazy Yiuf
  2127 | D:2      | Killed Crazy Yiuf
  2128 | D:2      | Reached XP level 5. HP: 11/28 MP: 0/10
  2339 | D:3      | Found a transporter.
  2342 | D:3      | Found a transporter.
  2349 | D:3      | Noticed MCDelver's ghost (weakling OpFE)
  2426 | D:3      | Found an iron altar of Okawaru.
  2548 | D:3      | Reached skill level 1 in Fighting
  2548 | D:3      | Reached skill level 1 in Conjurations
  3203 | D:4      | Reached skill level 1 in Necromancy
  3219 | D:4      | Found a staircase to the Ecumenical Temple.
  3241 | Temple   | Entered the Ecumenical Temple
  3298 | Temple   | Became a worshipper of Vehumet
  3425 | D:4      | Noticed a black bear
  3431 | D:4      | Reached XP level 6. HP: 34/34 MP: 9/12
  3453 | D:4      | Found a bloodstained altar of Trog.
  3453 | D:4      | Found a snail-covered altar of Cheibriados.
  3456 | D:4      | Reached skill level 1 in Hexes
  3589 | D:4      | Killed a black bear
  3590 | D:4      | Reached skill level 5 in Earth Magic
  3966 | D:4      | Shot with an arrow by a centaur

Illustrated notes

Levels and vault maps discovered:
D:1:      nicolae_arrival_memento_mori, layout_loops_cross
D:2:      layout_basic, minmay_pentomino_v2, uniq_robin, uniq_crazy_yiuf_cottage
D:3:      minmay_door_path, layout_basic, lemuel_doored_altar,
          gammafunk_ghost_arena, hangedman_decor_growths
D:4:      layout_loops_ring, mainiacjoe_overflow_brackets,
          chequers_temple_overflow_statue_of_worship,
          minmay_temple_entry_gardened_gates, chequers_serial_rivers_room_a
Temple:   kb_temple_of_zot

Skill      XL: |  1  2  3  4  5  6 |
---------------+-------------------+-----
Earth Magic    | 4 5 |  5.1
Spellcasting   | 3 4 |  4.4
Fighting       | 1 2 |  2.0
Conjurations   | 1 |  1.8
Necromancy     | 1 |  1.4
Hexes          | 1 |  1.4
Dodging        | |  1.5
Stealth        | |  2.1
Transmutations | |  0.7

Action                     |  1- 3 |  4- 6 || total
---------------------------+-------+-------++-------
  Melee: Unarmed           |    21 |       ||    21
         Short sword       |       |     3 ||     3
   Cast: Sandblast         |    55 |    91 ||   146
         Stone Arrow       |       |     2 ||     2
 Armour: Robe              |    31 |    12 ||    43
  Dodge: Dodged            |    47 |    17 ||    64

Table legend: (Time is in decaauts)
 A = Elapsed time spent in this place.
 B = Non-inter-level travel time spent in this place.
 C = Inter-level travel time spent in this place.
 D = Time resting spent in this place.
 E = Time spent auto-exploring this place.
 F = Levels seen in this place.
 G = Mean time per level.
                   A        B        C        D        E       F      G
               +--------+--------+--------+--------+--------+-----+--------+
         Total |   4043 |   3865 |    178 |      0 |   3251 |   5 |  808.6 |
       Dungeon |   3956 |   3806 |    150 |      0 |   3209 |   4 |  989.0 |
        Temple |     86 |     58 |     28 |      0 |     42 |   1 |   86.0 |
               +--------+--------+--------+--------+--------+-----+--------+

Top non-repeatable levels by time:
     D:2: 1215 daAuts
     D:1: 1123 daAuts
     D:3: 888 daAuts
     D:4: 729 daAuts
  Temple: 86 daAuts
